 Dungeon Crawl Stone Soup version 0.23.0 (webtiles) character file.

Game seed: 13754007460736822420

504 Fang the Skirmisher (level 7, -1/44 HPs)
             Began as a Gargoyle Berserker on Feb 11, 2019.
             Was a Believer of Trog.
             Slain by a worker ant zombie (2 damage)
             ... on level 4 of the Dungeon.
             The game lasted 00:06:32 (4254 turns).

Fang the Skirmisher (Gargoyle Berserker)            Turns: 4254, Time: 00:06:33

Health: -1/44      AC: 15    Str: 23    XL:     7   Next: 17%
Magic:  7/7        EV: 12    Int:  5    God:    Trog [**....]
Gold:   165        SH:  0    Dex:  9    Spells: 6/6 levels left

rFire    . . .     SeeInvis .   a - +0 hand axe
rCold    + . .     Gourm    .   (no shield)
rNeg     + + +     Faith    .   t - +5 ring mail "Bafun" {+Inv rC+ rN++ Int-2}
rPois    ∞         Spirit   .   (no helmet)
rElec    +         Reflect  .   g - scarf {repulsion}
rCorr    .         Harm     .   (no gloves)
MR       .....                  (no boots)
Stlth    ..........             i - amulet of inaccuracy (curse)
HPRegen  0.14/turn              r - ring of attention (curse)
MPRegen  0.10/turn              (no ring)

@: berserk cooldown, slowed, repel missiles, very slow
A: negative energy resistance 1, electricity resistance, unbreathing,
petrification resistance, rot immunity, AC +4
a: Berserk, Trog's Hand, Renounce Religion, Evoke Invisibility


You were on level 4 of the Dungeon.
You worshipped Trog.
Trog was pleased with you.
You were not hungry.

You visited 1 branch of the dungeon, and saw 4 of its levels.

You collected 165 gold pieces.

Inventory:

Hand Weapons
 a - a +0 hand axe (weapon)
Armour
 g - a scarf of repulsion (worn)
 j - a +2 cloak
 t - the +5 ring mail "Bafun" (worn) {+Inv rC+ rN++ Int-2}
   (You found it on level 4 of the Dungeon)

   It affects your intelligence (-2).
   It protects you from cold.
   It greatly protects you from negative energy.
   It lets you turn invisible.
Jewellery
 i - a cursed amulet of inaccuracy (around neck)
 r - a cursed ring of attention (left hand)
Wands
 q - a wand of disintegration (6)
Scrolls
 d - a scroll of amnesia {unknown}
 f - a scroll of enchant armour {unknown}
 k - 5 scrolls of identify {unknown}
 l - 5 scrolls of remove curse {unknown}
 n - a scroll of fog {unknown}
 o - a scroll of immolation {unknown}
 p - a scroll of random uselessness {unknown}
Potions
 e - 3 potions of curing {unknown}
 h - a potion of degeneration {unknown}
 m - 3 potions of heal wounds {unknown}
 s - 2 potions of agility {unknown}
Comestibles
 c - 4 rations


   Skills:
 + Level 5.1 Fighting
 + Level 4.2 Axes
 + Level 4.5 Armour
 + Level 3.3 Dodging


You had 6 spell levels left.
You didn't know any spells.
Your spell library was empty.

Dungeon Overview and Level Annotations

Branches:
Dungeon (4/15)
 Temple: D:4-7

Altars:
Makhleb

Annotations:
D:4 SinkTroll22's ghost, novice DsAK


Innate Abilities, Weirdness & Mutations

You are resistant to torment.
Your stone body is resilient. (AC +4)
You are immune to poison.
You resist negative energy. (rN+)
You are resistant to electric shocks. (rElec)
You can survive without breathing.
You are immune to petrification.
You are immune to rotting.


Message History

You closely miss the worker ant zombie. SinkTroll22's ghost hits you.
The worker ant zombie completely misses you.
SinkTroll22's ghost hits you!
* * * LOW HITPOINT WARNING * * *
The worker ant zombie bites you.
* * * LOW HITPOINT WARNING * * *
You closely miss SinkTroll22's ghost.
SinkTroll22's ghost is heavily damaged.
You barely miss the worker ant zombie. SinkTroll22's ghost hits you.
* * * LOW HITPOINT WARNING * * *
The worker ant zombie bites you but does no damage.
You hit SinkTroll22's ghost.
SinkTroll22's ghost is heavily damaged.
You hit the worker ant zombie. SinkTroll22's ghost hits you.
* * * LOW HITPOINT WARNING * * *
The worker ant zombie barely misses you.
SinkTroll22's ghost hits you.
* * * LOW HITPOINT WARNING * * *
The worker ant zombie bites you.
You die...

...................## #.###.
....................### #.# ##
......................# #.# #
.................####### #.#
.................#.#.#.# #.#
.................#.....# ##.#
..........[......'...?## ##..####
.................W...(.# #...##..
................@Z....#####......
.................#.....#.........
.................#.#.#.#.........
.................#######.........
.................................
.................................
.................................
.................................
.................................


You could see SinkTroll22's ghost and a worker ant zombie.

Vanquished Creatures
  Sigmund (D:3)
  An ogre (D:4)
  A scorpion (D:4)
  A bullfrog zombie (D:4)
  Crazy Yiuf (D:2)
  A worker ant (D:4)
  4 gnolls (D:2)
  2 adders
  2 dart slugs
  9 leopard geckos
  An orc (D:4)
  2 giant cockroaches
  5 goblins
  6 hobgoblins
  6 quokkas
  2 ball pythons
  6 bats (D:1)
  3 frilled lizards
  8 kobolds
  A leopard gecko skeleton (D:4)
  9 rats
72 creatures vanquished.

Notes
Turn   | Place    | Note
-------+----------+-------------------------------------------
     0 | D:1      | Fang the Gargoyle Berserker began the quest for the Orb.
     0 | D:1      | Reached XP level 1. HP: 14/14 MP: 1/1
   144 | D:1      | Reached XP level 2. HP: 18/19 MP: 2/2
   651 | D:1      | Reached XP level 3. HP: 20/23 MP: 3/3
   931 | D:2      | Reached ** piety under Trog
   954 | D:2      | Reached XP level 4. HP: 8/29 MP: 4/4
  1467 | D:2      | Found a runed translucent door.
  1468 | D:2      | Noticed Crazy Yiuf
  1597 | D:2      | Reached skill level 4 in Fighting
  2010 | D:2      | Killed Crazy Yiuf
  2133 | D:3      | Reached XP level 5. HP: 30/33 MP: 5/5
  2199 | D:3      | Noticed Sigmund
  2215 | D:3      | Killed Sigmund
  2215 | D:3      | Reached XP level 6. HP: 30/39 MP: 6/6
  2439 | D:3      | Found a burning altar of Makhleb.
  3107 | D:4      | Reached skill level 5 in Fighting
  3310 | D:4      | Found a runed translucent gate.
  3310 | D:4      | Found a runed translucent gate.
  3310 | D:4      | Found a runed translucent gate.
  3565 | D:4      | Reached XP level 7. HP: 39/44 MP: 7/7
  3581 | D:4      | Got an encrusted ring mail
  3592 | D:4      | Identified the +5 ring mail "Bafun" {+Inv rC+ rN++ Int-2}
                  | (You found it on level 4 of the Dungeon)
  3898 | D:4      | Noticed SinkTroll22's ghost (novice DsAK)
  4254 | D:4      | HP: 2/44 [SinkTroll22's ghost (4)]
  4254 | D:4      | Slain by a worker ant zombie

Skill      XL: |  1  2  3  4  5  6 |
---------------+-------------------+-----
Dodging        | 2 3 |  3.3
Axes           | 3 4 |  4.2
Armour         | 3 4 |  4.5
Fighting       | 4 5 |  5.1

Action                   |  1- 3 |  4- 6 |  7- 9 || total
-------------------------+-------+-------+-------++-------
Melee: Hand axe          |    94 |   249 |    34 ||   377
Invok: Berserk           |     1 |     3 |     1 ||     5
 Stab: Sleeping          |       |     2 |       ||     2
  Eat: Chunk             |       |    12 |     1 ||    13
       Ration            |       |       |     1 ||     1
Armor: Animal skin       |    61 |    23 |       ||    84
       Robe              |       |    54 |       ||    54
       Ring mail         |       |       |    21 ||    21
Dodge: Dodged            |    84 |   178 |    25 ||   287
       Deflected         |       |     3 |       ||     3
